 Dungeon Crawl Stone Soup version 0.25.1-2-g60ff931df9 (webtiles) character file.

Game seed: 11920165764281509563

13979 solopath the Martial Artist (level 12, 0/135 (136) HPs)
             Began as a Gnoll Transmuter on Oct 21, 2020.
             Was a High Priest of Okawaru.
             Slain by an orc warrior
             ... wielding a +0 hand axe
              (5 damage)
             ... on level 11 of the Dungeon.
             The game lasted 00:29:41 (12162 turns).

solopath the Martial Artist (Gnoll Transmuter)     Turns: 12162, Time: 00:29:41

HP:   0/135 (136)   AC: 12    Str: 14    XL:     12   Next: 11%
MP:   0/22          EV: 25    Int: 25    God:    Okawaru [*****.]
Gold: 579           SH:  0    Dex: 16    Spells: 6/28 levels left

rFire    + . .     SeeInvis .   e - +3 dire flail "Fyluoj" {flame, rF+}
rCold    . . .     Gourm    .   (shield currently unavailable)
rNeg     . . .     Faith    .   U - +1 troll leather armour
rPois    .         Spirit   +   (no helmet)
rElec    +         Reflect  .   H - +0 cloak (curse)
rCorr    .         Harm     .   b - +1 pair of gloves of Jas Yth {rElec}
MR       .....     Rnd*Rage +   y - +0 pair of boots
Stlth    ..........             u - amulet of guardian spirit
HPRegen  0.72/turn              i - +6 ring of intelligence
MPRegen  0.18/turn              w - +4 ring of evasion

@: berserking, heroism, very quick
A: distributed training, fangs 1, berserk 1, low mp 1, wild magic 1, strong nose
a: Heroism, Finesse, Renounce Religion


You were on level 11 of the Dungeon.
You worshipped Okawaru.
Okawaru was extremely pleased with you.
You were not hungry.

You visited 2 branches of the dungeon, and saw 12 of its levels.

You collected 1031 gold pieces.
You spent 452 gold pieces at shops.

Inventory:

Hand Weapons
 e - the +3 dire flail "Fyluoj" (weapon) {flame, rF+}
   (Okawaru gifted it to you on level 10 of the Dungeon)

   It has been specially enchanted to burn those struck by it, causing extra
   injury to most foes and up to half again as much damage against particularly
   susceptible opponents.
   It protects you from fire.
 C - a +0 short sword
 N - a +0 shortbow
 O - the +8 quarterstaff of Reps {vorpal, rElec rN+}
   (You bought it in a shop on level 8 of the Dungeon)

   It inflicts extra damage upon your enemies.
   It insulates you from electricity.
   It protects you from negative energy.
 X - the +10 hunting sling of the Tiger {venom, *Contam rF++}
   (You found it on level 11 of the Dungeon)

   It poisons the ammo it fires.
   It greatly protects you from fire.
   It causes magical contamination when unequipped.
Missiles
 a - 245 arrows
 k - 12 boomerangs (quivered)
 T - 82 bolts
Armour
 b - the +1 pair of gloves of Jas Yth (worn) {rElec}
   (You bought it in a shop on level 10 of the Dungeon)

   It insulates you from electricity.
 y - a +0 pair of boots (worn)
 E - a +0 pair of gloves
 H - a cursed +0 cloak (worn)
 Q - the +3 leather armour "Muton" {rF- rC+ rN+}
   (You found it on level 7 of the Dungeon)

   It makes you vulnerable to fire.
   It protects you from cold.
   It protects you from negative energy.
 U - a +1 troll leather armour (worn)
Jewellery
 g - an uncursed ring of teleportation
 i - a +6 ring of intelligence (left hand)
 u - an amulet of guardian spirit (around neck)
 v - an uncursed ring of positive energy
 w - a +4 ring of evasion (right hand)
 D - a cursed +4 ring of evasion
 M - an uncursed ring of positive energy
Wands
 m - a wand of iceblast (9)
 G - a wand of acid (6)
 K - a wand of flame (21)
 P - a wand of random effects (20)
Scrolls
 f - a scroll of magic mapping
 j - 4 scrolls of enchant weapon
 l - 3 scrolls of fog
 o - 2 scrolls of fear
 r - 7 scrolls of identify
 s - 4 scrolls of remove curse
 x - 3 scrolls of blinking
 z - 2 scrolls of enchant armour
 A - 4 scrolls of teleportation
 I - a scroll of immolation {unknown}
 L - 2 scrolls of amnesia
 S - a scroll of silence {unknown}
 W - a scroll of noise {unknown}
Potions
 c - a potion of flight {unknown}
 h - 2 potions of ambrosia
 n - a potion of degeneration
 p - a potion of heal wounds
 q - 10 potions of curing
 t - a potion of berserk rage {unknown}
 B - 3 potions of lignification {unknown}
 F - 4 potions of brilliance {unknown}
 J - a potion of magic {unknown}
 R - a potion of invisibility {unknown}
Comestibles
 d - 19 rations


   Skills:
 + Level 7.4(12.4) Fighting
 + Level 6.8(11.8) Short Blades
 + Level 6.8(11.8) Long Blades
 + Level 6.8(11.8) Axes
 + Level 6.8(11.8) Maces & Flails
 + Level 6.8(11.8) Polearms
 + Level 6.8(11.8) Staves
 + Level 6.8(11.8) Slings
 + Level 6.8(11.8) Bows
 + Level 6.8(11.8) Crossbows
 + Level 6.8(11.8) Throwing
 + Level 6.8(11.8) Armour
 + Level 8.3(13.3) Dodging
 + Level 6.8(11.8) Stealth
 + Level 6.8(11.8) Shields
 + Level 9.5(14.5) Unarmed Combat
 + Level 8.6 Spellcasting
 + Level 5.6 Conjurations
 + Level 5.6 Hexes
 + Level 5.6 Charms
 + Level 5.6 Summonings
 + Level 5.6 Necromancy
 + Level 5.6 Translocations
 + Level 6.9 Transmutations
 + Level 5.6 Fire Magic
 + Level 5.6 Ice Magic
 + Level 5.6 Air Magic
 + Level 5.6 Earth Magic
 + Level 5.6 Poison Magic
 + Level 7.5 Invocations
 + Level 6.8 Evocations


You had 6 spell levels left.
You knew the following spells:

 Your Spells              Type           Power        Failure   Level  Hunger
a - Beastly Appendage     Tmut           ######       1%          1    None
b - Sticks to Snakes      Tmut           ######..     1%          2    None
c - Spider Form           Tmut/Pois      ######....   3%          3    None
d - Ice Form              Ice/Tmut       ######..     8%          4    ##.....
e - Blade Hands           Tmut           ######....   16%         5    ####...
f - Animate Skeleton      Necr           N/A          1%          1    None
g - Swiftness             Chrm/Air       ######..     2%          2    None
h - Apportation           Tloc           ######       1%          1    None
i - Tukima's Dance        Hex            ######..     3%          3    None

Your spell library contained the following spells:

 Spells                   Type           Power        Failure   Level  Hunger
 Infusion                 Chrm           ####         1%          1    None
 Summon Butterflies       Summ           ######..     1%          1    None
 Lesser Beckoning         Tloc           ######....   3%          3    None
 Mephitic Cloud           Conj/Pois/Air  ######..     3%          3    None
 Sticky Flame             Conj/Fire      ######..     10%         4    ##.....
 Alistair's Intoxication  Tmut/Pois      ######..     21%         5    ####...
 Borgnjor's Vile Clutch   Necr/Erth      ######....   26%         5    ####...
 Iskenderun's Battlesphe  Conj/Chrm      ######..     26%         5    ####...
 Conjure Ball Lightning   Conj/Air       ######....   77%         6    ######.
 Death Channel            Necr           ######....   77%         6    ######.
 Invisibility             Hex            ######..     77%         6    ######.
 Iron Shot                Conj/Erth      ######....   77%         6    ######.
 Orb of Destruction       Conj           ######....   100%        7    #######


Dungeon Overview and Level Annotations

Branches:
Dungeon (11/15)            Temple (1/1) D:6            Lair (0/6) D:11
    Orc (0/2) D:9

Altars:
Ashenzari
Cheibriados
Dithmenos
Elyvilon
Fedhas
Gozag
Hepliaklqana
Kikubaaqudgha
Makhleb
Nemelex Xobeh
Okawaru
Qazlal
Ru
Sif Muna
Trog
Uskayaw
Vehumet
Wu Jian
Xom
Yredelemnul
Zin
The Shining One
Beogh

Shops:
D:8 (   D:10 [

Annotations:
D:11 1 transporter


Innate Abilities, Weirdness & Mutations

Your experience applies equally to all skills.
You have very sharp teeth.
Your uncanny sense of smell can sniff out nearby items.
You tend to lose your temper in combat.
Your magical capacity is low. (-10% MP)
Your spells are a little harder to cast, but a little more powerful.


Message History

* * * LOW HITPOINT WARNING * * *
The tengu warrior blocks your attack.
The tengu warrior is moderately wounded.
The tengu warrior hits you with the +1 rapier of Circularity {speed, MR+++ Str+2 Int+4 Dex-3}.
The tengu warrior misses you.
The tengu warrior claws you but does no damage.
The tengu warrior blocks your attack.
Your bite misses the tengu warrior.
The tengu warrior is moderately wounded.
You miss the tengu warrior. Your bite misses the tengu warrior.
The tengu warrior is moderately wounded.
The tengu warrior closely misses you. x2; The tengu warrior barely misses you.
The orc warrior closely misses you. The tengu warrior blocks your attack.
The tengu warrior is moderately wounded.
The tengu warrior hits you but does no damage.
The tengu warrior barely misses you. The tengu warrior misses you.
The tengu warrior blocks your attack.
The tengu warrior is lightly wounded.
The orc warrior hits you with a +0 hand axe.
You die...

..###...........# #....(.# #
#.....##.......### #..##### #
#.###....#####...## #..# #
#.#....###Q..###..######..# #
..#.#.###.#....##.....##..#######
..#>..#####....##.....###.##..<..
.....##.#≈#.######....###.##...).
.....#..##...≈#.Q#........##.....
.#..©#©y..._....@#©...###.##.....
.....#...#.....)o#....# #.##.....
.....##..#≈#....##....# #.##...÷.
...^..#..# #....#..######.##≈≈≈≈≈
..#.#.###.##...##..# #..##≈≈.≈≈
.##.#..###...###...# ###..##≈≈≈≈≈
.##.##...#####...#.###....##.....
###.####.......##........###.....
#.# ##.#.##.###..##...## #.....


You could see a tengu warrior and an orc warrior.

Vanquished Creatures
  The ghost of Xurdan the Basher, a novice OgBe of Trog (D:11)
  3 two-headed ogres
  A moth of wrath (D:11)
  A cyclops (D:9)
  3 centaur zombies (D:7)
  An ice statue (D:11)
  Joseph (D:9)
  3 centaur skeletons
  2 hellwings (D:7)
  2 trolls
  A hornet (D:10)
  A hippogriff (D:10)
  Sigmund (D:2)
  A shadow (D:11)
  10 yaks
  2 wyverns
  A hungry ghost (D:9)
  6 orc warriors
  An ice beast (D:9)
  A black bear (D:6)
  2 phantoms
  A sky beast (D:10)
  A hornet zombie (D:7)
  7 ogres
  4 centaurs
  A necrophage (D:7)
  2 big kobolds
  4 bullfrogs
  A gnoll sergeant (D:4)
  8 howler monkeys
  4 crimson imps
  3 quasits
  2 bullfrog zombies
  5 jellies
  4 hounds
  9 orc priests
  Jessica (D:3)
  A bullfrog skeleton (D:11)
  3 iguanas (D:6)
  10 orc wizards
  11 worker ants
  A hound skeleton (D:11)
  13 gnolls
  9 adders
  A howler monkey skeleton (D:6)
  4 shadow imps (D:7)
  6 oozes
  2 adder zombies
  2 adder skeletons
  A worm (D:3)
  2 dart slugs
  4 leopard geckos
  71 orcs
  3 ball pythons
  2 giant cockroaches
  7 goblins
  7 hobgoblins
  7 jackals
  15 kobolds
  4 quokkas
  4 bats
  4 frilled lizards
  A giant cockroach zombie (D:5)
  A leopard gecko skeleton (D:4)
  2 leopard gecko zombies
  11 rats
  A plant (D:3)
312 creatures vanquished.

Notes
Turn   | Place    | Note
-------+----------+-------------------------------------------
     0 | D:1      | solopath the Gnoll Transmuter began the quest for the Orb.
     0 | D:1      | Reached XP level 1. HP: 17/17 MP: 6/6
   248 | D:1      | Reached XP level 2. HP: 16/23 MP: 7/7
   607 | D:1      | Reached XP level 3. HP: 28/28 MP: 9/9
   694 | D:1      | Reached skill level 5 in Spellcasting
   959 | D:2      | Noticed Sigmund
   978 | D:2      | Learned a level 2 spell: Sticks to Snakes
   982 | D:2      | Learned a level 3 spell: Spider Form
  1059 | D:2      | Gained mutation: Your spells are a little harder to cast,
                  | but a little more powerful. [potion of mutation]
  1059 | D:2      | Gained mutation: Your magical capacity is low. (-10% MP)
                  | [potion of mutation]
  1059 | D:2      | Gained mutation: Your spells are harder to cast, but more
                  | powerful. [potion of mutation]
  1181 | D:2      | Lost mutation: Your spells are harder to cast, but more
                  | powerful. [potion of mutation]
  1181 | D:2      | Lost mutation: Your spells are a little harder to cast, but
                  | a little more powerful. [potion of mutation]
  1181 | D:2      | Gained mutation: Your spells are a little harder to cast,
                  | but a little more powerful. [potion of mutation]
  1355 | D:2      | Reached skill level 1 in Invocations
  1521 | D:2      | Killed Sigmund
  1521 | D:2      | Reached skill level 1 in Short Blades
  1521 | D:2      | Reached skill level 1 in Long Blades
  1521 | D:2      | Reached skill level 1 in Axes
  1521 | D:2      | Reached skill level 1 in Maces & Flails
  1521 | D:2      | Reached skill level 1 in Polearms
  1521 | D:2      | Reached skill level 1 in Staves
  1521 | D:2      | Reached skill level 1 in Slings
  1521 | D:2      | Reached skill level 1 in Bows
  1521 | D:2      | Reached skill level 1 in Crossbows
  1521 | D:2      | Reached skill level 1 in Throwing
  1521 | D:2      | Reached skill level 1 in Armour
  1521 | D:2      | Reached skill level 1 in Stealth
  1521 | D:2      | Reached skill level 1 in Shields
  1521 | D:2      | Reached skill level 1 in Conjurations
  1521 | D:2      | Reached skill level 1 in Hexes
  1521 | D:2      | Reached skill level 1 in Charms
  1521 | D:2      | Reached skill level 1 in Summonings
  1521 | D:2      | Reached skill level 1 in Necromancy
  1521 | D:2      | Reached skill level 1 in Translocations
  1521 | D:2      | Reached skill level 1 in Fire Magic
  1521 | D:2      | Reached skill level 1 in Ice Magic
  1521 | D:2      | Reached skill level 1 in Air Magic
  1521 | D:2      | Reached skill level 1 in Earth Magic
  1521 | D:2      | Reached skill level 1 in Poison Magic
  1521 | D:2      | Reached skill level 1 in Evocations
  1521 | D:2      | Reached XP level 4. HP: 30/35 MP: 3/10
  1521 | D:2      | Reached XP level 5. HP: 35/41 MP: 3/11
  1733 | D:2      | Found a basalt altar of Yredelemnul.
  1942 | D:3      | Noticed Jessica
  1954 | D:3      | Killed Jessica
  1954 | D:3      | Reached XP level 6. HP: 33/47 MP: 9/12
  2311 | D:3      | Found a sacrificial altar of Ru.
  3028 | D:4      | Reached skill level 5 in Dodging
  3214 | D:4      | Reached XP level 7. HP: 47/52 MP: 8/13
  3488 | D:4      | Found a sparkling altar of Nemelex Xobeh.
  3496 | D:4      | Reached skill level 7 in Unarmed Combat
  3990 | D:5      | Entered Level 5 of the Dungeon
  4380 | D:5      | Reached XP level 8. HP: 60/60 MP: 11/15
  4452 | D:5      | Found a stormy altar of Qazlal.
  4473 | D:5      | Found a burning altar of Makhleb.
  4550 | D:5      | Found an opulent altar of Gozag.
  4551 | D:5      | Found an ancient bone altar of Kikubaaqudgha.
  5289 | D:6      | Found a staircase to the Ecumenical Temple.
  5323 | Temple   | Entered the Ecumenical Temple
  5404 | Temple   | Became a worshipper of Warmaster Okawaru
  5589 | D:6      | Reached XP level 9. HP: 65/66 MP: 11/16
  5661 | D:6      | Reached skill level 5 in Transmutations
  6246 | D:6      | Learned a level 4 spell: Ice Form
  6252 | D:6      | Learned a level 5 spell: Blade Hands
  6391 | D:7      | Reached * piety under Okawaru
  6487 | D:7      | Found a hazy altar of Hepliaklqana.
  6535 | D:7      | Found a blossoming altar of Fedhas.
  6646 | D:7      | Identified the Guide on Dark Talismans
  6650 | D:7      | Learned a level 1 spell: Animate Skeleton
  6653 | D:7      | Learned a level 2 spell: Swiftness
  6744 | D:7      | You fall into a shaft and drop 3 floors!
  6744 | D:10     | Entered Level 10 of the Dungeon
  6762 | D:10     | Noticed a hornet
  6775 | D:10     | Killed a hornet
  6775 | D:10     | Reached skill level 5 in Fighting
  6804 | D:9      | Noticed a two-headed ogre
  6821 | D:9      | Killed a two-headed ogre
  6821 | D:9      | Reached ** piety under Okawaru
  6821 | D:9      | Reached skill level 8 in Unarmed Combat
  6821 | D:9      | Reached skill level 5 in Invocations
  6884 | D:9      | Reached XP level 10. HP: 41/74 MP: 10/18
  7071 | D:9      | Noticed Joseph
  7180 | D:9      | Noticed a cyclops
  7194 | D:9      | Killed a cyclops
  7194 | D:9      | Reached *** piety under Okawaru
  7350 | D:9      | Reached skill level 5 in Short Blades
  7350 | D:9      | Reached skill level 5 in Long Blades
  7350 | D:9      | Reached skill level 5 in Axes
  7350 | D:9      | Reached skill level 5 in Maces & Flails
  7350 | D:9      | Reached skill level 5 in Polearms
  7350 | D:9      | Reached skill level 5 in Staves
  7350 | D:9      | Reached skill level 5 in Slings
  7350 | D:9      | Reached skill level 5 in Bows
  7350 | D:9      | Reached skill level 5 in Crossbows
  7350 | D:9      | Reached skill level 5 in Throwing
  7350 | D:9      | Reached skill level 5 in Armour
  7350 | D:9      | Reached skill level 5 in Stealth
  7350 | D:9      | Reached skill level 5 in Shields
  7350 | D:9      | Reached skill level 5 in Evocations
  7387 | D:9      | Reached **** piety under Okawaru
  7487 | D:9      | Received a gift from Okawaru
  7527 | D:9      | Found a staircase to the Orcish Mines.
  8041 | D:8      | Received a gift from Okawaru
  8584 | D:8      | Noticed a two-headed ogre
  8593 | D:8      | Killed a two-headed ogre
  8593 | D:8      | Reached XP level 11. HP: 49/82 MP: 11/20
  8861 | D:8      | Found Vich's Antique Weapon Shop.
  8888 | D:8      | Bought an iridescent quarterstaff for 243 gold pieces
  8888 | D:8      | Identified the +8 quarterstaff of Reps {vorpal, rElec rN+}
                  | (You bought it in a shop on level 8 of the Dungeon)
  8933 | D:8      | Learned a level 1 spell: Apportation
  9056 | D:7      | Found a shadowy altar of Dithmenos.
  9125 | D:7      | Reached ***** piety under Okawaru
  9155 | D:7      | Reached skill level 9 in Unarmed Combat
  9156 | D:7      | Reached skill level 5 in Conjurations
  9156 | D:7      | Reached skill level 5 in Hexes
  9156 | D:7      | Reached skill level 5 in Charms
  9156 | D:7      | Reached skill level 5 in Summonings
  9156 | D:7      | Reached skill level 5 in Necromancy
  9156 | D:7      | Reached skill level 5 in Translocations
  9156 | D:7      | Reached skill level 5 in Fire Magic
  9156 | D:7      | Reached skill level 5 in Ice Magic
  9156 | D:7      | Reached skill level 5 in Air Magic
  9156 | D:7      | Reached skill level 5 in Earth Magic
  9156 | D:7      | Reached skill level 5 in Poison Magic
  9400 | D:7      | Got a bloodstained leather armour
  9418 | D:7      | Identified the +3 leather armour "Muton" {rF- rC+ rN+} (You
                  | found it on level 7 of the Dungeon)
  9560 | D:7      | Received a gift from Okawaru
  9761 | D:9      | Killed Joseph
  9805 | D:9      | Found a roughly hewn altar of Beogh.
  9964 | D:9      | Found a radiant altar of Vehumet.
 10568 | D:10     | Found Miuraheat's Antique Armour Emporium.
 10576 | D:10     | Bought a pair of transparent gloves for 209 gold pieces
 10586 | D:10     | Identified the +1 pair of gloves of Jas Yth {rElec} (You
                  | bought it in a shop on level 10 of the Dungeon)
 10634 | D:10     | Received a gift from Okawaru
 10641 | D:10     | Got a bone dire flail {god gift}
 10645 | D:10     | Identified the +3 dire flail "Fyluoj" {flame, rF+} (Okawaru
                  | gifted it to you on level 10 of the Dungeon)
 10711 | D:10     | Found a shimmering altar of Xom.
 11490 | D:11     | Learned a level 3 spell: Tukima's Dance
 11524 | D:11     | Found a staircase to the Lair.
 11614 | D:11     | Found an ornate altar of the Wu Jian Council.
 11617 | D:11     | Got a scorched hunting sling
 11618 | D:11     | Identified the +10 hunting sling of the Tiger {venom,
                  | *Contam rF++} (You found it on level 11 of the Dungeon)
 11624 | D:11     | Found a transporter.
 11628 | D:11     | Identified a scroll of acquirement
 11628 | D:11     | Acquired solopath's Disquisition on Battle Magic
 11629 | D:11     | Found a transporter.
 11630 | D:11     | Identified the +1 rapier of Circularity {speed, MR+++ Str+2
                  | Int+4 Dex-3}
 11630 | D:11     | Noticed a tengu warrior
 11632 | D:11     | Noticed a two-headed ogre
 11634 | D:11     | Noticed a two-headed ogre
 11664 | D:11     | Gained mutation: You tend to lose your temper in combat.
                  | [mutagenic glow]
 11880 | D:11     | Found a bloodstained altar of Trog.
 11880 | D:11     | Noticed Xurdan's ghost (novice OgBe)
 11880 | D:11     | Noticed a moth of wrath
 12142 | D:11     | Killed Xurdan's ghost
 12147 | D:11     | Killed a two-headed ogre
 12147 | D:11     | Reached XP level 12. HP: 39/90 MP: 5/22
 12157 | D:11     | HP: 3/135 [orc warrior/+0 hand axe (8)]
 12162 | D:11     | Slain by an orc warrior

Illustrated notes

Levels and vault maps discovered:
D:1:      evilmike_arrival_rings, layout_loops_ring
D:2:      layout_basic, lemuel_doored_altar, hangedman_decor_growths,
          uniq_sigmund
D:3:      layout_basic, nicolae_ru_the_path_less_chosen, first_ration,
          corner_web_ring, uniq_jessica
D:4:      layout_basic, lemuel_round_altar
D:5:      layout_loops_ring, makhleb_heckhound_becter,
          overflow_temple_1_default, gammafunk_temple_overflow_pools
D:6:      layout_gridville, minmay_temple_entry_junction_2
D:7:      cheibrodos_grave_circle, layout_basic, nicolae_dithmenos_the_darkroom,
          lemuel_crystal_altar, fedhas_altar_2
D:8:      layout_loops_cross, serial_shops, shop
D:9:      layout_roguey [special_room_orc], erik_orc_4, basic_altar,
          hangedman_little_slice_of_home, lightli_minifort, uniq_joseph
D:10:     layout_gridville, serial_shops, shop, tgw_xom
D:11:     lemuel_ice_statue, layout_loops_ring, dpeg_oklobed_lair, basic_altar,
          gammafunk_ghost_wrathful_warriors
Temple:   dshaligram_water_room_temple

Skill      XL: |  1  2  3  4  5  6  7  8  9 10 11 |
---------------+----------------------------------+-----
Spellcasting   | 5 6 7 8 |  8.6
Invocations    | 1 2 3 4 5 6 7 |  7.5
Fighting       | 3 4 5 6 7 |  7.4
Short Blades   | 1 2 3 4 5 6 |  6.8
Long Blades    | 1 2 3 4 5 6 |  6.8
Axes           | 1 2 3 4 5 6 |  6.8
Maces & Flails | 1 2 3 4 5 6 |  6.8
Polearms       | 1 2 3 4 5 6 |  6.8
Staves         | 1 2 3 4 5 6 |  6.8
Slings         | 1 2 3 4 5 6 |  6.8
Bows           | 1 2 3 4 5 6 |  6.8
Crossbows      | 1 2 3 4 5 6 |  6.8
Throwing       | 1 2 3 4 5 6 |  6.8
Armour         | 1 2 3 4 5 6 |  6.8
Stealth        | 1 2 3 4 5 6 |  6.8
Shields        | 1 2 3 4 5 6 |  6.8
Conjurations   | 1 2 3 4 5 |  5.6
Hexes          | 1 2 3 4 5 |  5.6
Charms         | 1 2 3 4 5 |  5.6
Summonings     | 1 2 3 4 5 |  5.6
Necromancy     | 1 2 3 4 5 |  5.6
Translocations | 1 2 3 4 5 |  5.6
Transmutations | 4 5 6 |  6.9
Fire Magic     | 1 2 3 4 5 |  5.6
Ice Magic      | 1 2 3 4 5 |  5.6
Air Magic      | 1 2 3 4 5 |  5.6
Earth Magic    | 1 2 3 4 5 |  5.6
Poison Magic   | 1 2 3 4 5 |  5.6
Evocations     | 1 2 3 4 5 6 |  6.8
Dodging        | 5 6 7 8 |  8.3
Unarmed Combat | 7 8 9 |  9.5

Action                   |  1- 3 |  4- 6 |  7- 9 | 10-12 || total
-------------------------+-------+-------+-------+-------++-------
Melee: Unarmed           |    82 |   122 |   321 |   212 ||   737
       Kick              |     3 |     4 |       |       ||     7
       Bite              |     7 |    13 |    12 |    40 ||    72
       Punch             |       |     3 |     3 |       ||     6
       Quarterstaff      |       |       |       |   186 ||   186
       Dire flail        |       |       |       |   137 ||   137
       Headbutt          |       |       |       |     6 ||     6
Throw: Boomerang         |       |       |       |     3 ||     3
 Cast: Beastly Appendage |     5 |     2 |       |     1 ||     8
       Spider Form       |     1 |     4 |    32 |    12 ||    49
       Sticks to Snakes  |       |     1 |     2 |     1 ||     4
       Ice Form          |       |       |       |     1 ||     1
Invok: Heroism           |       |       |     3 |     6 ||     9
       Finesse           |       |       |       |     1 ||     1
 Abil: End Transformatio |       |       |     2 |     1 ||     3
  Use: Scroll            |     4 |     6 |       |     4 ||    14
       Potion            |     2 |     2 |     1 |       ||     5
 Stab: Sleeping          |     3 |     4 |     9 |     2 ||    18
       Distracted        |       |       |     1 |       ||     1
  Eat: Chunk             |     2 |     6 |    12 |    17 ||    37
Armor: Robe              |     4 |     7 |     6 |    17 ||    34
       Skin              |       |     2 |     7 |     5 ||    14
       Troll leather arm |       |       |       |    41 ||    41
       Leather armour    |       |       |       |    12 ||    12
Dodge: Dodged            |    47 |    85 |   278 |   616 ||  1026
